 Dungeon Crawl Stone Soup version 0.28-a0-1344-g6b9ff3a05d (webtiles) character file.

Game seed: 17995760981610026555

140 Deminshera the Magician (level 5, -4/42 HPs)
             Began as a Gargoyle Earth Elementalist on Dec 29, 2021.
             Slain by Pikel (6 damage)
             ... on level 4 of the Dungeon.
             The game lasted 00:08:03 (3782 turns).

Deminshera the Magician (GrEE)                      Turns: 3782, Time: 00:08:03

Health: -4/42      AC: 22    Str: 12    XL:     5   Next: 23%
Magic:  11/11      EV:  2    Int: 17    God:
Gold:   136        SH:  0    Dex: 10    Spells: 5/12 levels left

rFire   . . .      SeeInvis .   l - +2 whip (elec)
rCold   . . .      Faith    .   (no shield)
rNeg    + . .      Spirit   .   (armour currently unavailable)
rPois   ∞          Reflect  .   (helmet currently unavailable)
rElec   .          Harm     .   (cloak currently unavailable)
rCorr   .          Rampage  .   (gloves currently unavailable)
Will    .....      NoTele   +   (boots currently unavailable)
Stlth   ++........              (no amulet)
HPRegen 0.14/turn               (no ring)
MPRegen 0.12/turn               (no ring)

@: tree-form, attractive
A: stationary, stasis, torment immunity, boosted hp, sickness immunity, AC +4,
negative energy resistance 1, (electricity resistance), torment resistance 1,
petrification resistance
a: no special abilities


You were on level 4 of the Dungeon.
You were a tree.
You visited 1 branch of the dungeon, and saw 4 of its levels.

You collected 136 gold pieces.

Inventory:

Hand Weapons
 l - a +2 whip of electrocution (weapon)
Missiles
 c - 109 stones
Armour
 b - a +0 robe (melded)
 n - the +0 ring mail of Siodgh {Fly Str-4 Int+4}
   (You found it on level 3 of the Dungeon)

   Str:       It affects your strength (-4).
   Int:       It affects your intelligence (+4).
   Fly:       It grants you flight.
Jewellery
 d - a ring of protection from cold
Scrolls
 a - a scroll of torment {unknown}
 e - a scroll of immolation {unknown}
 g - 2 scrolls of teleportation {unknown}
 i - 2 scrolls of identify {unknown}
 j - a scroll of enchant weapon {unknown}
 m - a scroll of fog {unknown}
Potions
 k - a potion of lignification


   Skills:
 - Level 1.5 Dodging
 + Level 3.6 Stealth
 - Level 4.0 Spellcasting
 + Level 1.5 Conjurations
 - Level 0.7 Transmutations
 - Level 3.6 Earth Magic


You had 5 spell levels left.
You knew the following spells:

 Your Spells              Type           Power      Damage    Failure   Level
a - Sandblast             Erth           30%        2d9       3%          1
b - Stone Arrow           Conj/Erth      24%        3d8       16%         3
c - Mephitic Cloud        Conj/Pois/Air  5%         N/A       36%         3

Your spell library contained the following spells:

 Spells                   Type           Power      Damage    Failure   Level
 Magic Dart               Conj           32%        1d4       9%          1
 Passwall                 Tmut/Erth      8%         N/A       10%         2
 Call Imp                 Summ           3%         N/A       24%         2
 Conjure Flame            Conj/Fire      6%         6-21      34%         3
 Ignite Poison            Fire/Tmut/Pois 4%         N/A       41%         3
 Gell's Gravitas          Tloc           3%         N/A       43%         3
 Swiftness                Air            3%         N/A       43%         3
 Teleport Other           Tloc           3%         N/A       43%         3
 Petrify                  Tmut/Erth      10%        N/A       54%         4
 Sticky Flame             Conj/Fire      6%         2d3       75%         4
 Dispersal                Tloc           1%         N/A       100%        6


Dungeon Overview and Level Annotations

Branches:
Dungeon (4/15)
 Temple: D:4-7

Altars:
Sif Muna

Shops:
D:2 :

Annotations:
D:4 Pikel


Innate Abilities, Weirdness & Mutations

You are a tree.
Your roots penetrate the ground, keeping you stationary.
You cannot be teleported.
You are immune to unholy pain and torment.
Your maximum health is greatly increased.
Your equipment is partially melded.
You are immune to sickness and miasma.
((Your stone body is resilient. (AC +4)))
You are immune to poison.
You resist negative energy. (rN+)
((You are resistant to electric shocks. (rElec)))
You are resistant to unholy torment.
You are immune to petrification.


Message History

The lemure hits you.
You are too injured to fight recklessly!
It was a potion of lignification.
You turn into a tree.
Your +0 robe melds into your body.
Your roots penetrate the ground.
The lemure hits you!
You barely miss the lemure.
The lemure is severely wounded.
The lemure hits you.
* * * LOW HITPOINT WARNING * * *
You hit the lemure but do no damage.
The lemure is heavily wounded.
The lemure hits you but does no damage.
You hit the lemure.
The lemure is severely wounded.
The lemure hits you.
* * * LOW HITPOINT WARNING * * *
The lemure hits you but does no damage.
It was a potion of attraction.
You feel attractive to monsters. The lemure barely misses you.
Pikel says, "Asmodeus and me are pals.
He gave me this whip."
It was a potion of magic.
Magic courses through your body. The lemure hits you but does no damage.
Okay, then.
You barely miss the lemure.
The lemure is severely wounded.
The lemure hits you but does no damage.
You hit the lemure. Lightning courses through the lemure!
You kill the lemure!
That felt strangely unrewarding.
The lemure is attracted toward you. x2
You hit Pikel but do no damage. Lightning courses through Pikel!
Pikel is heavily wounded.
Pikel hits you with a +0 whip of flaming.
* * * LOW HITPOINT WARNING * * *
Pikel burns you.
* * * LOW HITPOINT WARNING * * *
You closely miss Pikel.
Pikel is heavily wounded.
Pikel hits you with a +0 whip of flaming.
You die...

###########
#######..........
...........#######
#######.#..#.)....
#.......#..#......
#♣#######.......##
#K# #.#####.## #5#
#.# #... #5# #>#
#### #5# #.# #§#
#.# #.# #.# #.#
#.########
#.........


You could see Pikel and 3 lemures.

Vanquished Creatures
  A lemure (D:4)
  2 orc wizards (D:3)
  An adder (D:3)
  2 dart slugs
  10 orcs
  5 endoplasms
  5 giant cockroaches
  3 goblins
  12 hobgoblins
  2 jackals (D:2)
  A quokka (D:2)
  3 ball pythons
  3 bats
  3 frilled lizards
  2 kobolds
  8 rats
63 creatures vanquished.

Notes
Turn   | Place    | Note
-------+----------+-------------------------------------------
     0 | D:1      | Deminshera the Gargoyle Earth Elementalist began the quest
                  | for the Orb.
     0 | D:1      | Reached XP level 1. HP: 10/10 MP: 3/3
   162 | D:1      | Reached XP level 2. HP: 15/15 MP: 1/5
   764 | D:1      | Reached XP level 3. HP: 19/19 MP: 4/7
   861 | D:1      | Learned a level 3 spell: Stone Arrow
   865 | D:1      | Learned a level 3 spell: Mephitic Cloud
  1004 | D:2      | Reached skill level 3 in Spellcasting
  1370 | D:2      | Found a faded altar of an unknown god.
  1511 | D:2      | Found Wuaruad's Book Shoppe.
  1944 | D:3      | Reached XP level 4. HP: 6/24 MP: 3/9
  1957 | D:2      | HP: 1/24 [orc (2)]
  2924 | D:3      | Identified the +0 ring mail of Siodgh {Fly Str-4 Int+4}
  3088 | D:3      | Reached skill level 4 in Spellcasting
  3401 | D:3      | Found a shimmering blue altar of Sif Muna.
  3404 | D:3      | Reached skill level 1 in Conjurations
  3409 | D:3      | Reached XP level 5. HP: 17/28 MP: 3/11
  3763 | D:4      | Noticed Pikel
  3763 | D:4      | Noticed a lemure
  3763 | D:4      | Noticed a lemure
  3763 | D:4      | Noticed a lemure
  3763 | D:4      | Noticed a lemure
  3780 | D:4      | Killed a lemure
  3781 | D:4      | HP: 2/42 [Pikel (1)]
  3782 | D:4      | Slain by Pikel

Illustrated notes

Levels and vault maps discovered:
D:1:      amcnicky_arrival_single_pillar, layout_rooms
D:2:      layout_loops_ring, serial_shops, nicolae_shop_advertising_works
          [nicolae_subvault_shop_adworks], hellmonk_ecumenical_altar_lost_god
D:3:      layout_basic, kennysheep_orc_sif_temple, grunt_decor_junction
D:4:      gammafunk_steamed_eel, layout_basic, makhleb_blood_cavern_becter,
          minmay_temple_entry_offerings, uniq_pikel

Skill      XL: |  1  2  3  4 |
---------------+-------------+-----
Stealth        | 3 |  3.6
Spellcasting   | 3 4 |  4.0
Conjurations   | 1 |  1.5
Dodging        | |  1.5
Transmutations | |  0.7
Earth Magic    | |  3.6

Action                   |  1- 3 |  4- 6 || total
-------------------------+-------+-------++-------
Melee: Unarmed           |     1 |       ||     1
       Whip              |     6 |    17 ||    23
       Club              |     6 |       ||     6
 Cast: Sandblast         |    62 |    36 ||    98
  Use: Potion            |       |     3 ||     3
Armor: Robe              |    13 |     6 ||    19
       Skin              |       |     4 ||     4
Dodge: Dodged            |    28 |    19 ||    47

Table legend: (Time is in decaauts)
 A = Elapsed time spent in this place.
 B = Non-inter-level travel time spent in this place.
 C = Inter-level travel time spent in this place.
 D = Time resting spent in this place.
 E = Time spent auto-exploring this place.
 F = Levels seen in this place.
 G = Mean time per level.
                   A        B        C        D        E       F      G
               +--------+--------+--------+--------+--------+-----+--------+
         Total |   3791 |   3742 |     49 |   1221 |   2077 |   4 |  947.8 |
       Dungeon |   3791 |   3742 |     49 |   1221 |   2077 |   4 |  947.8 |
               +--------+--------+--------+--------+--------+-----+--------+

Top non-repeatable levels by time:
     D:3: 1422 daAuts
     D:2: 1407 daAuts
     D:1: 880 daAuts
     D:4: 81 daAuts
